 Dungeon Crawl Stone Soup version 0.27-a0-1049-g450f9b2e0d (webtiles) character file.

Game seed: 17878584918029502868

95380 wakim the Brawler (level 15, -7/156 HPs)
             Began as a Troll Berserker on Apr 18, 2021.
             Was a High Priest of Trog.
             Killed from afar by a storm dragon (43 damage)
             ... with a bolt of lightning
             ... on level 14 of the Dungeon on Apr 20, 2021.
             The game lasted 01:28:09 (27102 turns).

wakim the Brawler (Troll Berserker)                Turns: 27102, Time: 01:28:09

Health: -7/156     AC:  8    Str: 30    XL:     15   Next: 66%
Magic:  14/14      EV: 13    Int:  5    God:    Trog [*****.]
Gold:   2682       SH: 12    Dex: 12    Spells: 14/14 levels left

rFire    + + +     SeeInvis +     - Unarmed
rCold    + . .     Faith    .   A - +1 kite shield {rPois}
rNeg     . . .     Spirit   .   m - +2 robe of Muolem {rF+ Regen+ Str-2}
rPois    +         Reflect  .   a - +2 hat
rElec    .         Harm     .   j - scarf {rC+ rF+}
rCorr    .         Rampage  .   (gloves unavailable)
Will     +....                  (boots unavailable)
Stlth    +.........             k - amulet of regeneration
HPRegen  3.36/turn              e - ring of see invisible
MPRegen  0.14/turn              o - ring "Moicoec" {Fly rF+ Dex+3}

@: spiked, flying
A: large, unfitting armour, claws 3, regeneration 1, shaggy fur 1, tough skin 1
a: Renounce Religion, Berserk, Trog's Hand, Brothers in Arms


You were on level 14 of the Dungeon.
You worshipped Trog.
Trog was extremely pleased with you.
You visited 4 branches of the dungeon, and saw 23 of its levels.
You also visited: Gauntlet.

You collected 2682 gold pieces.

Inventory:

Missiles
 b - 38 boomerangs (quivered)
 d - 12 silver boomerangs
 g - 26 silver javelins
 p - 2 throwing nets {=f!f}
 q - 19 large rocks {=f}
 w - 3 boomerangs of dispersal {=f!f}
 x - 6 javelins
Armour
 a - a +2 hat (worn)
 j - a scarf of resistance (worn)
 m - the +2 robe of Muolem (worn) {rF+ Regen+ Str-2}
   (You found it on level 12 of the Dungeon)

   It affects your strength (-2).
   It protects you from fire.
   It increases your rate of health regeneration.
 u - a +0 tower shield
 A - a +1 kite shield of poison resistance (worn)
 M - a +0 troll leather armour
Jewellery
 c - a +4 ring of evasion
 e - a ring of see invisible (left claw)
 f - a ring of protection from fire
 h - a +6 ring of strength
 i - a ring of positive energy
 k - an amulet of regeneration (around neck)
 n - a ring of ice
 o - the ring "Moicoec" (right claw) {Fly rF+ Dex+3}
   (You found it in a Gauntlet)

   [ring of flight]

   It affects your dexterity (+3).
   It protects you from fire.
   It grants you flight.
 v - an amulet of reflection
 y - a ring of resist corrosion
Wands
 t - a wand of digging (5)
Scrolls
 r - 2 scrolls of identify
 s - 2 scrolls of enchant armour
 z - a scroll of vulnerability {unknown}
 D - a scroll of torment {unknown}
 E - 2 scrolls of brand weapon
 T - 10 scrolls of teleportation
 U - a scroll of fear
 X - 4 scrolls of fog
 Z - 2 scrolls of silence {!r}
Potions
 l - a potion of mutation {unknown}
 B - 2 potions of attraction {!q}
 C - a potion of berserk rage {!q}
 F - 7 potions of curing
 H - 6 potions of haste
 I - a potion of invisibility
 J - 5 potions of heal wounds
 K - 2 potions of magic
 N - 4 potions of might


   Skills:
 * Level 12.0 Fighting
 * Level 8.1 Throwing
 + Level 6.8 Armour
 + Level 11.0 Dodging
 * Level 7.1 Shields
 * Level 15.6 Unarmed Combat


You had 14 spell levels left.
You didn't know any spells.
Your spell library was empty.

Dungeon Overview and Level Annotations

Branches:
Dungeon (14/15)            Temple (1/1) D:6            Lair (6/6) D:11
 Shoals (0/4) Lair:2       Spider (0/4) Lair:4        Slime (0/5) Lair:6
    Orc (2/2) D:12            Elf (0/3) Orc:2        Vaults (0/5) D:14
Gauntlet (visited)

Altars:
Ashenzari
Cheibriados
Dithmenos
Elyvilon
Fedhas
Gozag
Hepliaklqana
Kikubaaqudgha
Makhleb
Nemelex Xobeh
Okawaru
Qazlal
Ru
Sif Muna
Trog
Uskayaw
Vehumet
Wu Jian
Xom
Yredelemnul
Zin
The Shining One
Beogh
Jiyva

Shops:
Orc:2 [(([

Annotations:
Lair:6 1 runed translucent door
Orc:1 exclusion: 4 orange crystal statues


Innate Abilities, Weirdness & Mutations

You are too large for most types of armour.
You have claws for hands.
Your natural rate of healing is unusually fast.
You are covered in fur. (AC +1)
You have tough skin. (AC +1)


Message History

The barbed spikes dig painfully into your body as you move.
You hear a grinding noise.
The +3 battleaxe of electrocution hits you!!
The barbed spikes dig painfully into your body as you move.
The storm dragon breathes lightning at you.
The bolt of lightning hits the storm dragon.
The storm dragon completely resists.
The bolt of lightning hits the +3 battleaxe of electrocution.
The +3 battleaxe of electrocution completely resists.
The bolt of lightning hits you!!
The manticore flicks its tail.
You block the volley of spikes.
The barbed spikes dig painfully into your body as you move.
* * * LOW HITPOINT WARNING * * *
You block the +3 battleaxe of electrocution's attack.
The barbed spikes dig painfully into your body as you move.
* * * LOW HITPOINT WARNING * * *
You hear a grinding noise.
The storm dragon breathes lightning at you.
The bolt of lightning hits the +3 battleaxe of electrocution.
The +3 battleaxe of electrocution completely resists.
The bolt of lightning misses you. x2
The barbed spikes dig painfully into your body as you move.
* * * LOW HITPOINT WARNING * * *
The barbed spikes dig painfully into your body as you move.
* * * LOW HITPOINT WARNING * * *
You hear a grinding noise.
The deep troll earth mage casts a spell at the rock wall.
You hear a grinding noise.
The +3 battleaxe of electrocution hits you!!
* * * LOW HITPOINT WARNING * * *
You are electrocuted!
* * * LOW HITPOINT WARNING * * *
The barbed spikes dig painfully into your body as you move.
* * * LOW HITPOINT WARNING * * *
The storm dragon breathes lightning at you.
The bolt of lightning hits the +3 battleaxe of electrocution.
The +3 battleaxe of electrocution completely resists.
The bolt of lightning hits you!!!
You die...

### #.#....#####.# #..# ##.##
#.#.........>###...
##...#####.##...#.......##.#
#...........##.##.#####.##.#
##...###.......##.# #.##.#
#..........##.##.#####.##.#
#.#####...)............##.# #.#
#.#####.#............ #######.#
#...@.(.D........#### ........#
#.##..###Hc..........
#######.#####.###..###.......####
#.......# #...##)c.#.#.#
##[###### .............#### #.#
###....D......... ###### #.#
#.DTD...###### .....# #.#
##..eCW.# ####.# #.######
#.......#


You could see 2 storm dragons, a fire dragon, a centaur warrior, a manticore, a
deep troll earth mage, a deep elf zephyrmancer and a +3 battleaxe of
electrocution.

Vanquished Creatures
  Jorgrun (Orc:1)
  An Ice Fiend (Lair:6)
  Gastronok (D:11)
  Frances (D:13)
  A minotaur (Gauntlet)
  Fannar (Lair:2)
  15 hydras
  A great orb of eyes (D:14)
  4 boulder beetles
  8 vault guards
  4 two-headed ogres
  A death knight (D:12)
  6 death yaks
  5 centaur warriors
  3 catoblepae
  An orc high priest (Orc:1)
  A tengu warrior (D:14)
  Urug (Orc:1)
  2 lindwurms (Lair:6)
  9 orc knights
  An orb spider (Lair:4)
  2 deep elf pyromancers
  2 oklob plants (Lair:3)
  5 cyclopes
  6 ugly things (D:14)
  5 manticores
  2 slime creatures (D:13)
  14 elephants
  5 black mambas
  An apocalypse crab (Gauntlet)
  2 gargoyles
  15 cane toads
  2 unseen horrors
  3 rime drakes
  An efreet (D:10)
  6 komodo dragons
  2 polar bears
  8 trolls
  A hornet (D:7)
  A meliai zombie (D:11)
  Prince Ribbit (D:5)
  20 blink frogs
  A raiju (Gauntlet)
  Sigmund (D:6)
  2 wraiths
  A vampire (D:11)
  24 yaks
  4 wyverns
  3 basilisks
  A golden eye (shapeshifter) (D:14)
  2 steam dragons
  4 vampire mosquitoes
  8 wargs
  3 acid dragons (D:11)
  12 water moccasins
  42 orc warriors
  An ice beast (D:6)
  A black bear (Lair:1)
  8 ogres
  2 sky beasts
  12 wolves
  13 centaurs
  2 kobold brigands
  7 bullfrogs
  A gnoll sergeant (D:5)
  2 scorpions (D:4)
  A water moccasin zombie (D:6)
  10 killer bees
  An electric eel (Lair:2)
  2 howler monkeys
  3 wights (D:9)
  9 centaur zombies
  A bullfrog zombie (D:6)
  3 jellies
  11 orc priests
  2 gnoll shamans (D:5)
  2 hounds
  A centaur skeleton (D:7)
  3 iguanas
  14 orc wizards
  6 hell rats (Lair:3)
  A killer bee zombie (D:8)
  A hound zombie (D:2)
  16 gnolls
  A howler monkey zombie (D:8)
  4 adders
  A howler monkey skeleton (D:5)
  A shadow imp (Gauntlet)
  A white imp (Gauntlet)
  An adder skeleton (D:4)
  2 worms (D:3)
  A dart slug (D:2)
  82 orcs
  4 endoplasms
  6 goblins
  6 hobgoblins
  16 kobolds
  2 quokkas (D:2)
  4 ball pythons
  5 bats
  4 frilled lizards
  4 rats
  A butterfly (Lair:6)
562 creatures vanquished.

Vanquished Creatures (others)
  A wizard (Gauntlet)
  An unseen horror (D:11)
  2 orc wizards
  39 fungi
  52 plants
95 creatures vanquished.

Grand Total: 657 creatures vanquished

Notes
Turn   | Place    | Note
-------+----------+-------------------------------------------
     0 | D:1      | wakim the Troll Berserker began the quest for the Orb.
     0 | D:1      | Reached XP level 1. HP: 22/22 MP: 0/0
   606 | D:1      | Reached XP level 2. HP: 29/29 MP: 1/1
  1054 | D:1      | Found a faded altar of an unknown god.
  1384 | D:2      | Reached XP level 3. HP: 35/36 MP: 2/2
  2060 | D:3      | Reached skill level 4 in Unarmed Combat
  2118 | D:3      | Reached XP level 4. HP: 44/44 MP: 3/3
  2623 | D:4      | Reached ** piety under Trog
  2825 | D:4      | Noticed a sky beast
  2834 | D:4      | Killed a sky beast
  2835 | D:4      | Reached XP level 5. HP: 36/53 MP: 4/4
  3083 | D:4      | Noticed an ogre
  3096 | D:4      | Killed an ogre
  3097 | D:4      | Reached skill level 5 in Unarmed Combat
  3097 | D:4      | Reached XP level 6. HP: 61/61 MP: 5/5
  3682 | D:4      | Found a sacrificial altar of Ru.
  3893 | D:3      | Reached skill level 6 in Unarmed Combat
  3897 | D:4      | Reached XP level 7. HP: 63/68 MP: 6/6
  4314 | D:5      | Entered Level 5 of the Dungeon
  4338 | D:5      | Noticed Prince Ribbit
  4354 | D:5      | HP: 1/68 [Prince Ribbit (17)]
  4370 | D:5      | Killed Prince Ribbit
  4686 | D:5      | Reached skill level 7 in Unarmed Combat
  4855 | D:5      | Found a glowing silver altar of Zin.
  4928 | D:5      | Reached XP level 8. HP: 79/79 MP: 7/7
  5096 | D:5      | Found a sparkling altar of Nemelex Xobeh.
  5140 | D:5      | Identified the +1 hunting sling of Honour {freeze, rElec
                  | rN+ Dex-5 Stlth+}
  5478 | D:6      | Found a staircase to the Ecumenical Temple.
  5490 | Temple   | Entered the Ecumenical Temple
  5517 | D:6      | Reached skill level 8 in Unarmed Combat
  5537 | D:6      | Reached skill level 5 in Fighting
  5537 | D:6      | Reached skill level 5 in Dodging
  5545 | D:6      | Noticed Sigmund
  5554 | D:6      | Killed Sigmund
  5881 | D:7      | Reached XP level 9. HP: 59/88 MP: 8/8
  5925 | D:7      | Reached *** piety under Trog
  5926 | D:7      | Reached skill level 9 in Unarmed Combat
  5950 | D:7      | Paralysed by a hornet for 3 turns
  6602 | D:7      | Identified the +7 chain mail "Ceanest" {+Inv rC++ rN+
                  | Str-5}
  7475 | D:8      | Reached skill level 10 in Unarmed Combat
  8211 | D:9      | Noticed a two-headed ogre
  8217 | D:9      | Killed a two-headed ogre
  8218 | D:9      | Reached XP level 10. HP: 100/100 MP: 9/9
  8275 | D:9      | Identified a scroll of acquirement
  8275 | D:9      | Acquired a +2 hat
  8538 | D:9      | Reached skill level 11 in Unarmed Combat
  8824 | D:10     | Entered Level 10 of the Dungeon
  8864 | D:10     | Found an opulent altar of Gozag.
  8953 | D:10     | Noticed a two-headed ogre
  8959 | D:10     | Killed a two-headed ogre
  9057 | D:10     | Noticed a centaur warrior
  9070 | D:10     | Killed a centaur warrior
  9237 | D:10     | Noticed a gargoyle
  9253 | D:10     | Killed a gargoyle
  9325 | D:10     | Reached skill level 1 in Throwing
  9363 | D:10     | Identified the +0 robe of the Volcano {Regen+}
  9394 | D:10     | Noticed a manticore
  9399 | D:10     | Killed a manticore
  9400 | D:10     | Reached skill level 1 in Armour
  9400 | D:10     | Reached skill level 12 in Unarmed Combat
  9400 | D:10     | Reached XP level 11. HP: 109/109 MP: 10/10
  9631 | D:10     | Noticed a centaur warrior
  9642 | D:10     | Noticed a deep elf pyromancer
  9658 | D:10     | Killed a deep elf pyromancer
  9770 | D:10     | Killed a centaur warrior
 10736 | D:11     | Noticed a death yak
 10736 | D:11     | Noticed a death yak
 10741 | D:11     | Noticed a death yak
 10750 | D:10     | Killed a death yak
 11187 | D:11     | Reached **** piety under Trog
 11316 | D:11     | Noticed a four-headed hydra
 11353 | D:11     | Killed a five-headed hydra
 12670 | D:12     | Identified the +2 robe of Muolem {rF+ Regen+ Str-2}
 12848 | D:12     | Found a staircase to the Orcish Mines.
 13033 | D:11     | Reached XP level 12. HP: 122/122 MP: 11/11
 13066 | D:10     | Killed a death yak
 13136 | D:10     | Killed a death yak
 13137 | D:10     | Reached skill level 13 in Unarmed Combat
 13214 | D:11     | Noticed Gastronok
 13226 | D:11     | Killed Gastronok
 13341 | D:11     | Found a staircase to the Lair.
 13358 | D:11     | Noticed a two-headed ogre
 13361 | D:11     | Killed a two-headed ogre
 13589 | Lair:1   | Entered Level 1 of the Lair of Beasts
 13603 | Lair:1   | Noticed a four-headed hydra
 13618 | Lair:1   | Killed a six-headed hydra
 13694 | Lair:1   | Noticed a five-headed hydra
 13777 | D:10     | Killed a seven-headed hydra
 14404 | Lair:1   | Noticed a five-headed hydra
 14408 | Lair:1   | Killed a five-headed hydra
 14467 | Lair:1   | Noticed a five-headed hydra
 14472 | Lair:1   | Killed a five-headed hydra
 14799 | Lair:2   | Noticed a four-headed hydra
 14836 | Lair:2   | Noticed a seven-headed hydra
 14981 | Lair:2   | Noticed a boulder beetle
 14997 | Lair:2   | Killed a boulder beetle
 14998 | Lair:2   | Reached XP level 13. HP: 115/133 MP: 12/12
 15100 | Lair:2   | HP: 7/199 [seven-headed hydra (10)]
 15192 | Lair:2   | Found a staircase to the Shoals.
 15425 | Lair:1   | HP: 3/133 [seven-headed hydra (4)]
 15434 | Lair:1   | HP: 2/133 [seven-headed hydra (10)]
 15497 | Lair:2   | Reached skill level 10 in Fighting
 15533 | Lair:2   | Reached skill level 1 in Shields
 15613 | Lair:2   | Noticed Fannar
 15639 | Lair:2   | HP: 6/133 [ice beast[Fannar] (13)]
 15687 | Lair:2   | Killed Fannar
 16056 | Lair:2   | Reached skill level 5 in Throwing
 16100 | Lair:3   | Acquired a +1 kite shield of poison resistance
 16147 | Lair:3   | Found a white marble altar of Elyvilon.
 16203 | Lair:3   | Reached skill level 10 in Dodging
 16965 | Lair:4   | Reached skill level 14 in Unarmed Combat
 17175 | Lair:4   | Found a hole to the Spider Nest.
 17668 | Lair:4   | Reached ***** piety under Trog
 17706 | Lair:5   | Reached skill level 5 in Armour
 17743 | Lair:5   | Found a gate leading to a gauntlet.
 17768 | Gauntlet | Entered a Gauntlet
 17768 | Gauntlet | Found a transporter.
 17775 | Gauntlet | Found a runed translucent door.
 17779 | Gauntlet | Found a transporter.
 17792 | Gauntlet | Found a transporter.
 17793 | Gauntlet | Found a transporter.
 17798 | Gauntlet | Noticed a quicksilver ooze
 17802 | Gauntlet | Found a transporter.
 17818 | Gauntlet | Found a transporter.
 17820 | Gauntlet | Noticed an entropy weaver
 17829 | Gauntlet | Found a transporter.
 17840 | Gauntlet | Found a transporter.
 17854 | Gauntlet | Found a transporter.
 17863 | Gauntlet | Found a transporter.
 17867 | Gauntlet | Found a transporter.
 17925 | Gauntlet | Found a transporter.
 17927 | Gauntlet | Found a transporter.
 17936 | Gauntlet | Found a transporter.
 18347 | Gauntlet | Identified the ring "Moicoec" {Fly rF+ Dex+3}
 18381 | Gauntlet | Identified the +3 flail "Meb Ulufips" {freeze, Will++}
 18381 | Gauntlet | Noticed a minotaur
 18394 | Gauntlet | Killed a minotaur
 18409 | Gauntlet | Identified the Almanac of Spatial Earth
 18409 | Gauntlet | Identified the Collected Works on Transmutation and
                  | Contamination
 18965 | Lair:6   | Entered Level 6 of the Lair of Beasts
 19516 | Lair:6   | Reached XP level 14. HP: 123/144 MP: 13/13
 19868 | Lair:6   | Found a runed translucent door.
 19868 | Lair:6   | Found a viscous altar of Jiyva.
 19868 | Lair:6   | Noticed an azure jelly
 19868 | Lair:6   | Noticed an azure jelly
 19869 | Lair:6   | Found a staircase to the Slime Pits.
 19870 | Lair:6   | Noticed an azure jelly
 19870 | Lair:6   | Noticed an azure jelly
 20600 | Lair:6   | Reached skill level 5 in Shields
 20652 | Lair:6   | Noticed an Ice Fiend
 20676 | Lair:6   | Killed an Ice Fiend
 21232 | Orc:1    | Entered Level 1 of the Orcish Mines
 21310 | D:12     | Identified the +3 spear of Fud Tanu {vorpal, +Blink Will+
                  | Str+2 Int-3} (Trog gifted it to you on level 12 of the
                  | Dungeon)
 21310 | D:12     | Received a gift from Trog
 21575 | D:5      | Upgraded the game from 0.27-a0-1036-g8e1b44f6bd to
                  | 0.27-a0-1049-g450f9b2e0d
 21871 | D:13     | Noticed Frances
 21883 | D:13     | Killed Frances
 22027 | D:13     | Reached skill level 15 in Unarmed Combat
 22905 | Orc:1    | Found a runed translucent door.
 22912 | Orc:1    | Found the +10 tower shield of Ignorance {rN+ Int-4}
 22933 | Orc:1    | Found a runed translucent door.
 23440 | Orc:2    | Entered Level 2 of the Orcish Mines
 23440 | Orc:2    | Noticed Urug
 23495 | Orc:2    | Noticed Jorgrun
 23517 | Orc:1    | Killed Jorgrun
 24023 | Orc:1    | Reached XP level 15. HP: 74/154 MP: 14/14
 24162 | Orc:1    | Received a gift from Trog
 24311 | Orc:1    | Killed Urug
 24413 | Orc:2    | Found a staircase to the Elven Halls.
 24495 | Orc:2    | Found Ubeotin's Armour Boutique.
 24495 | Orc:2    | Found Efeom's Weapon Shoppe.
 24644 | Orc:2    | Found Ywozxamm's Antique Armour Shoppe.
 24644 | Orc:2    | Found Cuotomui's Antique Weapon Boutique.
 26084 | D:14     | Found a gate to the Vaults.
 26695 | D:14     | Found a huge runed gate.
 26696 | D:14     | Found a huge runed gate.
 26697 | D:14     | Found a huge runed gate.
 26698 | D:14     | Found a huge runed gate.
 26711 | D:14     | Found a huge runed gate.
 26711 | D:14     | Found a huge runed gate.
 26711 | D:14     | Found a huge runed gate.
 26714 | D:14     | Found a huge runed gate.
 26714 | D:14     | Found a huge runed gate.
 26719 | D:14     | Found a huge runed gate.
 26722 | D:14     | Found a huge runed gate.
 26732 | D:14     | Found a huge runed gate.
 26733 | D:14     | Found a huge runed gate.
 26733 | D:14     | Found a huge runed gate.
 26735 | D:14     | Found a huge runed gate.
 26740 | D:14     | Found a huge runed gate.
 26748 | D:14     | Found a huge runed gate.
 26748 | D:14     | Found a huge runed gate.
 26749 | D:14     | Found a huge runed gate.
 26767 | D:14     | Found a huge runed gate.
 26767 | D:14     | Found a huge runed gate.
 26767 | D:14     | Found a huge runed gate.
 26768 | D:14     | Found a huge runed gate.
 26773 | D:14     | Found a huge runed gate.
 26774 | D:14     | Found a huge runed gate.
 26775 | D:14     | Found a huge runed gate.
 27085 | D:14     | Noticed a storm dragon
 27085 | D:14     | Noticed a storm dragon
 27086 | D:14     | Noticed a storm dragon
 27088 | D:14     | Noticed a sphinx
 27102 | D:14     | Killed from afar by a storm dragon

Illustrated notes

Levels and vault maps discovered:
D:1:      wander_arrival_lonely_grave, layout_basic,
          hellmonk_ecumenical_altar_heavens_door
D:2:      layout_loops_ring
D:3:      layout_basic
D:4:      layout_layer_cave, nicolae_ru_great_annihilating_truth
D:5:      layout_basic, kennysheep_mini, zin_treasury, minmay_statues_item,
          uniq_prince_ribbit1
D:6:      layout_rooms, minmay_temple_entry_antechambers, minmay_crystal_room,
          corexii_shack, uniq_sigmund
D:7:      layout_basic
D:8:      layout_basic
D:9:      layout_roguey, serial_aquarium, aquarium_bridge_straight
          [aquarium_subvault_bridge, aquarium_subvault_wall,
          aquarium_subvault_bridge, aquarium_subvault_balcony],
          aquarium_window_fake, aquarium_window_2, aquarium_view_2a,
          aquarium_view_2c, lightli_orcish_oven
D:10:     minmay_the_grid_four_pointed_star_mashed
          [minmay_the_grid_triangle_9x9_alien,
          minmay_the_grid_triangle_9x9_odd_lines,
          minmay_the_grid_triangle_9x9_steps,
          minmay_the_grid_triangle_9x9_wacky_v,
          minmay_the_grid_prize_inner_circle], layout_basic, lemuel_tele_altar
D:11:     minmay_s_stair_smasher, layout_stronghold, dpeg_lair_monsters,
          corexii_leaking_fountain, statue_in_the_mist_lemuel,
          grunt_decor_resistance, uniq_gastronok
D:12:     layout_cave_pools, david_orc_4, serial_co_window_serial,
          co_window_cross_1, co_window_of_opportunity_a, co_window_paths_b,
          co_window_of_opportunity_a, co_window_corner_a, co_window_cross_4,
          co_window_of_opportunity_b, co_window_of_opportunity_c,
          co_window_broadway_b, co_window_paths_e, co_window_4corner_a,
          glass_columns_a, glass_columns_a, glass_columns_a
D:13:     layout_roguey, uniq_frances
D:14:     layout_loops_ring, erik_vaults_2, minivault_4, door_vault
Temple:   nicolae_temple_no_exploring_needed
Lair:1:   layout_concentric_octagons, chequers_serial_rivers_micro_b
Lair:2:   layout_regular_city, shoals_dummy_entry, serial_bayou_shore_a,
          grunt_megastairs_3, uniq_fannar
Lair:3:   layout_hall_layers, basic_altar, minmay_lair_oklob_chamber
Lair:4:   layout_loops_ring, nicolae_spider_entry_orb_guardian
Lair:5:   layout_regular_city, gauntlet_entry_generic
Lair:6:   hangedman_lair_in_review, layout_cave_pods, slime_altar_2,
          lemuel_fruit_fields
Orc:1:    layout_caves, chequers_guarded_unrand_ignorance
Orc:2:    st_orc_town, layout_caves, uniq_jorgrun, uniq_urug

Skill      XL: |  1  2  3  4  5  6  7  8  9 10 11 12 13 14 15 |
---------------+----------------------------------------------+-----
Unarmed Combat | 4 5 6 7 8 10 12 13 14 15 | 15.6
Fighting       | 3 4 5 6 7 8 9 10 11 12 | 12.0
Dodging        | 3 4 5 6 7 8 9 10 11 | 11.0
Throwing       | 1 3 4 5 6 8 |  8.1
Armour         | 1 3 4 5 6 |  6.8
Shields        | 4 6 7 |  7.1

Action                   |  1- 3 |  4- 6 |  7- 9 | 10-12 | 13-15 || total
-------------------------+-------+-------+-------+-------+-------++-------
Melee: Unarmed           |    78 |    70 |   246 |   432 |  1164 ||  1990
       Punch             |     1 |       |    11 |    29 |     1 ||    42
Throw: Boomerang         |       |       |       |    10 |   130 ||   140
       Large rock        |       |       |       |    23 |    24 ||    47
Invok: Berserk           |       |     2 |     8 |    11 |    21 ||    42
       Trog's Hand       |       |       |     5 |     5 |    28 ||    38
Evoke: Wand              |       |       |       |       |     2 ||     2
  Use: Scroll            |     4 |     3 |     4 |     9 |     6 ||    26
       Potion            |       |       |     1 |       |     2 ||     3
 Stab: Paralysed         |       |     1 |       |       |       ||     1
       Sleeping          |       |       |       |     1 |       ||     1
       Petrified         |       |       |       |       |     2 ||     2
Armor: Animal skin       |    28 |     8 |    32 |       |       ||    68
       Steam dragon scal |       |       |     9 |    19 |       ||    28
       Troll leather arm |       |       |       |    79 |       ||    79
       Robe              |       |       |       |    95 |   269 ||   364
Dodge: Dodged            |    32 |    23 |   130 |   325 |   648 ||  1158
       Repelled          |       |       |     2 |     4 |       ||     6
Block: Kite shield       |       |       |       |       |   826 ||   826

Table legend: (Time is in decaauts)
 A = Elapsed time spent in this place.
 B = Non-inter-level travel time spent in this place.
 C = Inter-level travel time spent in this place.
 D = Time resting spent in this place.
 E = Time spent auto-exploring this place.
 F = Levels seen in this place.
 G = Mean time per level.
                   A        B        C        D        E       F      G
               +--------+--------+--------+--------+--------+-----+--------+
         Total |  27364 |  23969 |   3395 |   1854 |  16319 |  24 | 1140.2 |
       Dungeon |  17065 |  14583 |   2482 |    999 |  10726 |  14 | 1218.9 |
        Temple |      1 |      1 |      0 |      0 |      0 |   1 |    1.0 |
          Lair |   7267 |   6538 |    729 |    408 |   4367 |   6 | 1211.2 |
  Orcish Mines |   2365 |   2181 |    184 |    390 |    955 |   2 | 1182.5 |
      Gauntlet |    664 |    664 |      0 |     56 |    271 |   1 |  664.0 |
               +--------+--------+--------+--------+--------+-----+--------+

Top non-repeatable levels by time:
    D:10: 1966 daAuts
    D:11: 1871 daAuts
     D:4: 1797 daAuts
    D:12: 1695 daAuts
  Lair:6: 1655 daAuts
   Orc:1: 1590 daAuts
  Lair:1: 1428 daAuts
     D:9: 1327 daAuts
  Lair:2: 1265 daAuts
     D:1: 1185 daAuts
     D:5: 1166 daAuts
     D:8: 1093 daAuts
  Lair:5: 1064 daAuts
     D:7: 1022 daAuts
  Lair:4: 979 daAuts
